[Event "Late-Titled-Tuesday-Blitz-May-07-2024"]
[Site "Chess.com"]
[Date "2024.05.07"]
[Round "2"]
[White "Byniolus"]
[Black "Caracal3000"]
[Result "1-0"]
[WhiteElo "2817"]
[BlackElo "2503"]
[TimeControl "180+1"]
[EndTime "14:14:53 PDT"]
[Termination "Byniolus won by checkmate"]

1. d4 d5 2. Nf3 Nf6 3. Bf4 e6 4.
e3 Bd6 5. Bg3 O-O 6. Nbd2 b6 7.
c3 Bb7 8. Ne5 Nbd7 9. f4 Ne4 10.
Nxe4 dxe4 11. Bb5 Nxe5 12. fxe5 Be7 13. O-O Bg5 14. Bf4 c5 15. Qg4 Bxf4 16. Rxf4 cxd4 17.
exd4 f5 18. exf6 Rxf6 19. Raf1 Rg6 20. Qh3 e3 21. Rg4 Qd5 22. Bd3 Rxg4 23. Qxh7# 1-0

[Event "Late-Titled-Tuesday-Blitz-May-07-2024"]
[Site "Chess.com"]
[Date "2024.05.07"]
[Round "2"]
[White "jaramsdal"]
[Black "HajiyevKanan"]
[Result "0-1"]
[WhiteElo "2384"]
[BlackElo "2591"]
[TimeControl "180+1"]
[EndTime "14:14:53 PDT"]
[Termination "HajiyevKanan won by resignation"]

1. e4 c6 2. Nf3 d5 3. exd5 cxd5 4. Ne5 a6 5. d4 Nd7 6. Bf4 Nxe5 7. Bxe5 Bf5 8. Bd3 Bxd3 9. Qxd3 e6 10. O-O Nf6 11.
Nd2 Bd6 12. f4 O-O 13. Rf3 Rc8 14. Rh3 g6 15. c3 b5 16. Qg3 Be7 17. Qf3 h5 18. f5 exf5 19. Qf4 Ng4 20. Nf3 f6 21. Rg3 fxe5 22. dxe5 Bc5+ 23. Kf1 Be3 0-1

[Event "Late-Titled-Tuesday-Blitz-May-07-2024"]
[Site "Chess.com"]
[Date "2024.05.07"]
[Round "2"]
[White "TanitoluwaAps116"]
[Black "Chessdude1987"]
[Result "1-0"]
[WhiteElo "2747"]
[BlackElo "2401"]
[TimeControl "180+1"]
[EndTime "14:14:55 PDT"]
[Termination "TanitoluwaAps116 won by resignation"]

1. e4 e6 2. d4 d5 3. exd5 exd5 4. Nf3 Nf6 5. Bd3 Bg4 6. h3 Bh5 7. O-O Be7 8. c3 O-O 9. Bg5 Nbd7 10. Nbd2 c5 11. Re1 Re8 12. Qa4 a6 13. Bf5 b5 14.
Qc2 Bg6 15. Ne5 Bxf5 16. Qxf5 g6 17. Qf3 Nf8 18. Nc6 Qd6 19. Nxe7+ Rxe7 20. Bxf6 Rxe1+ 21. Rxe1 Ne6 22. dxc5 Qxc5 23. Nb3 Qc4 24. Nd4 Re8 25. Nxe6 fxe6 26. Bd4 e5 27. Qf6 1-0

[Event "Late-Titled-Tuesday-Blitz-May-07-2024"]
[Site "Chess.com"]
[Date "2024.05.07"]
[Round "2"]
[White "bazar-wokzal"]
[Black "GWR2024"]
[Result "1-0"]
[WhiteElo "2585"]
[BlackElo "2158"]
[TimeControl "180+1"]
[EndTime "14:14:56 PDT"]
[Termination "bazar-wokzal won by resignation"]

1. e4 e5 2. Bc4 Nf6 3. d3 d5 4.
exd5 Bd6 5. Nf3 O-O 6. Nc3 a6 7. Bg5 b5 8. Bb3 Bb7 9. a4 b4 10. Ne4 Be7 11. Bxf6 gxf6 12. c4 bxc3 13. Nxc3 Nd7 14.
Nh4 Kh8 15. Qh5 Nb6 16. d4 Nxd5 17. Bc2 f5 18. Qxf5 e4 19. Bxe4 Nf6 20. Bxb7 Qxd4 21. Bxa8 Qxh4 22. Bf3 Bd6 23. g3 Re8+ 24. Kf1 Qd4 25.
Rd1 1-0

[Event "Late-Titled-Tuesday-Blitz-May-07-2024"]
[Site "Chess.com"]
[Date "2024.05.07"]
[Round "2"]
[White "HonestJoe1"]
[Black "czasnaszachy"]
[Result "0-1"]
[WhiteElo "2088"]
[BlackElo "2460"]
[TimeControl "180+1"]
[EndTime "14:14:57 PDT"]
[Termination "czasnaszachy won by resignation"]

1. d4 Nf6 2. c4 e6 3. g3 c5 4. d5 exd5 5. cxd5 d6 6. Bg2 b5 7. Nf3 g6 8. O-O Bg7 9. a4 b4 10. Nbd2 Ba6 11. Qc2 Nbd7 12. Re1 O-O 13. e4 Re8 14.
Nc4 Nb6 15. Nfd2 Nfxd5 16. a5 Nxc4 17. Nxc4 Nc3 18. bxc3 Bxc4 19. Bd2 b3 20. Qb2 Rb8 21. Bf4 Qf6 22. Rac1 Bd3 23. Rcd1 Qxc3 0-1

[Event "Late-Titled-Tuesday-Blitz-May-07-2024"]
[Site "Chess.com"]
[Date "2024.05.07"]
[Round "2"]
[White "Akhayan"]
[Black "Fins0905"]
[Result "0-1"]
[WhiteElo "2427"]
[BlackElo "2735"]
[TimeControl "180+1"]
[EndTime "14:15:01 PDT"]
[Termination "Fins0905 won by resignation"]

1. e4 d5 2. exd5 Qxd5 3. Nc3 Qa5 4. Nf3 Nf6 5. Be2 Bf5 6. O-O e6 7. d3 c6 8. a3 Nbd7 9. Nd4 Bg6 10. b4 Qc7 11. Bf3 Bd6 12. h3 Bh2+ 13. Kh1 Be5 14. Nce2 O-O 15. Bb2 a5 16. Qd2 Rfd8 17. Rab1 axb4 18.
axb4 Nb6 19. Qe3 Nfd5 20. Qd2 h6 21. Rfe1 Ra4 22. c3 Rda8 23. Nb3 Ra2 24. Na5 Na4 25. Ba1 Rxd2 0-1

[Event "Late-Titled-Tuesday-Blitz-May-07-2024"]
[Site "Chess.com"]
[Date "2024.05.07"]
[Round "2"]
[White "baki83"]
[Black "Stanbad1"]
[Result "1-0"]
[WhiteElo "2923"]
[BlackElo "2619"]
[TimeControl "180+1"]
[EndTime "14:15:02 PDT"]
[Termination "baki83 won by resignation"]

1. e4 e6 2. d4 d5 3. exd5 exd5 4. Nf3 Bd6 5. c4 dxc4 6. Bxc4 Nf6 7. Qe2+ Qe7 8. Qxe7+ Kxe7 9. O-O Rd8 10. Ng5 Ng4 11. h3 Nh6 12. Nxh7 Nf5 13. Re1+ Kd7 14. Ng5 Nxd4 15. Nxf7 Rf8 16. Nxd6 cxd6 17. Na3 Nbc6 18. Be3 Nf5 19. Bg5 Ne5 20. Rad1 a6 21. Rxe5 Kc7 22. Ree1 b5 23. Bd5 Rb8 24. Nc2 Bd7 25. Nb4 Kb6 26.
g4 Nh6 27. Bg2 Nf7 28. Nd5+ Kb7 29. Bd2 Bc6 30. Re7+ 1-0

[Event "Late-Titled-Tuesday-Blitz-May-07-2024"]
[Site "Chess.com"]
[Date "2024.05.07"]
[Round "2"]
[White "gabduschew"]
[Black "grzechu96"]
[Result "0-1"]
[WhiteElo "2431"]
[BlackElo "2782"]
[TimeControl "180+1"]
[EndTime "14:15:11 PDT"]
[Termination "grzechu96 won by resignation"]

1. e4 c5 2. Nf3 d6 3. d4 cxd4 4. Nxd4 Nf6 5. Bd3 Nc6 6. Nxc6 bxc6 7. c4 e5 8. Nc3 Be7 9. O-O O-O 10. Kh1 Be6 11.
Qe2 Nd7 12. b3 Rb8 13. h3 Qc7 14. f4 exf4 15. Bxf4 Ne5 16. Bc2 Ng6 17. Bh2 Bf6 18.
Qe3 Be5 19. Rad1 Bxh2 20. Kxh2 d5+ 21. Kh1 dxc4 22. bxc4 Bxc4 23. Bd3 Be6 24. a4 Rb3 25. Qc5 Qe5 26. Qxe5 Nxe5 0-1

[Event "Late-Titled-Tuesday-Blitz-May-07-2024"]
[Site "Chess.com"]
[Date "2024.05.07"]
[Round "2"]
[White "vladgoncharov"]
[Black "klifus"]
[Result "1-0"]
[WhiteElo "2582"]
[BlackElo "2179"]
[TimeControl "180+1"]
[EndTime "14:15:18 PDT"]
[Termination "vladgoncharov won by checkmate"]

1. d4 Nf6 2. c4 g6 3. Nc3 Bg7 4. e4 d6 5. h3 O-O 6. Be3 c5 7. d5 e6 8. Bd3 exd5 9. cxd5 Re8 10. Nge2 c4 11. Bc2 b5 12. a3 Bd7 13. O-O Na6 14. Nd4 Nc5 15. Qf3 Rb8 16. Rad1 a5 17. Nc6 Bxc6 18. dxc6 b4 19. axb4 axb4 20. Bxc5 bxc3 21. bxc3 Re6 22. e5 Ne8 23. exd6 Nxd6 24.
Rd5 Qc7 25. Rfd1 Ne8 26. Rd7 Qxc6 27. Qxf7+ Kh8 28. Bf8 Bxc3 29. Qxh7# 1-0

[Event "Late-Titled-Tuesday-Blitz-May-07-2024"]
[Site "Chess.com"]
[Date "2024.05.07"]
[Round "2"]
[White "StellarChess"]
[Black "alexrustemov"]
[Result "0-1"]
[WhiteElo "2620"]
[BlackElo "2937"]
[TimeControl "180+1"]
[EndTime "14:15:19 PDT"]
[Termination "alexrustemov won by resignation"]

1. d4 g6 2. Nf3 Bg7 3. g3 c5 4. dxc5 Qa5+ 5. Nbd2 Qxc5 6. Bg2 Nf6 7. O-O O-O 8. e4 d6 9. h3 Nbd7 10. Re1 Qc7 11. c3 b6 12. Nb3 Bb7 13. Nfd4 a6 14. f4 e5 15. Nc2 exf4 16. Bxf4 Ne5 17. Nb4 Rfe8 18. Bg5 Nc4 19. Bxf6 Bxf6 20. Nd5 Bxd5 21. Qxd5 Nxb2 22. e5 Bxe5 23. Qxa8 Rxa8 24. Bxa8 Qxc3 25. Re2 Qxg3+ 26. Rg2 Qe3+ 27. Kf1 Nd3 28. Rd1 Nf4 29. Rc2 Qxh3+ 30. Ke1 Bc3+ 31. Nd2 Qe3+ 0-1

[Event "Late-Titled-Tuesday-Blitz-May-07-2024"]
[Site "Chess.com"]
[Date "2024.05.07"]
[Round "2"]
[White "Slovafn"]
[Black "chegueps"]
[Result "1-0"]
[WhiteElo "2423"]
[BlackElo "2657"]
[TimeControl "180+1"]
[EndTime "14:15:19 PDT"]
[Termination "Slovafn won by resignation"]

1. Nf3 Nf6 2. c4 c5 3. g3 Nc6 4. Bg2 g6 5. O-O Bg7 6. Nc3 d5 7. d3 d4 8. Na4 Qd6 9. a3 O-O 10. Rb1 Nd7 11. b4 b6 12. Ng5 cxb4 13. axb4 Bb7 14. c5 bxc5 15. bxc5 Qc7 16. Qb3 Rab8 17. Bf4 e5 18. Bd2 Ba8 19. Qa2 a5 20. Rxb8 Rxb8 21.
Qxf7+ Kh8 22. Ne6 1-0

[Event "Late-Titled-Tuesday-Blitz-May-07-2024"]
[Site "Chess.com"]
[Date "2024.05.07"]
[Round "2"]
[White "Zq1"]
[Black "jcibarra"]
[Result "0-1"]
[WhiteElo "2619"]
[BlackElo "2922"]
[TimeControl "180+1"]
[EndTime "14:15:20 PDT"]
[Termination "jcibarra won by resignation"]

1. Nf3 d6 2. d4 Nf6 3. c4 g6 4.
Nc3 Bf5 5. Nh4 Bd7 6. e4 e5 7.
Nf3 exd4 8. Nxd4 Bg7 9. Be2 O-O 10. O-O Re8 11. f3 Nc6 12. Be3 Nh5 13. Qd2 f5 14. Nxc6 Bxc6 15. exf5 Qh4 16. Nd5 Bxd5 17. Qxd5+ Kh8 18.
Bf2 Qg5 19. h4 Qxg2+ 20. Kxg2 Nf4+ 21. Kg3 Nxd5 22. cxd5 Rxe2 23. Rac1 gxf5 24. Rxc7 Rg8 25. Kf4 Bh6+ 26. Kxf5 Re5+ 27. Kf6 Rf8+ 0-1

[Event "Late-Titled-Tuesday-Blitz-May-07-2024"]
[Site "Chess.com"]
[Date "2024.05.07"]
[Round "2"]
[White "mfschulz"]
[Black "WilsonPalencia21"]
[Result "0-1"]
[WhiteElo "2311"]
[BlackElo "2547"]
[TimeControl "180+1"]
[EndTime "14:15:20 PDT"]
[Termination "WilsonPalencia21 won by resignation"]

1. d4 Nf6 2. Bg5 Ne4 3. Bf4 c5 4. f3 Nf6 5. d5 g6 6. c4 Bg7 7. Nc3 O-O 8. e4 d6 9. Qd2 Nh5 10. Bh6 Na6 11. Bxg7 Kxg7 12. g4 Nf6 13. h4 h5 14. g5 Nd7 15. f4 Nc7 16. O-O-O a6 17. Bd3 b5 18. Nf3 bxc4 19. Bxc4 Nb6 20. Bb3 Bg4 21. Rdf1 Nb5 22. Nh2 Bd7 23. f5 Nd4 24. Bd1 Rb8 25. Qf2 Nc4 26. f6+ Kh7 27. b3 Ne5 28. Bc2 e6 29. dxe6 Bxe6 30. Nd5 Bxd5 31. exd5 Qa5 32. Kb2 Nc4+ 33. Kb1 Na3+ 0-1

[Event "Late-Titled-Tuesday-Blitz-May-07-2024"]
[Site "Chess.com"]
[Date "2024.05.07"]
[Round "2"]
[White "ritanovikova"]
[Black "RantomOpening"]
[Result "0-1"]
[WhiteElo "2172"]
[BlackElo "2491"]
[TimeControl "180+1"]
[EndTime "14:15:26 PDT"]
[Termination "RantomOpening won by resignation"]

1. e4 c5 2. Nc3 e6 3. d3 Nc6 4. g3 Nf6 5. Bg2 d5 6. exd5 exd5 7. Bg5 d4 8. Ne4 Be7 9. Nxf6+ Bxf6 10. Bxf6 Qxf6 11.
Ne2 Bg4 12. O-O O-O 13. Re1 Ne5 14. Qd2 Bf3 15. Qf4 Qc6 16. Nxd4 cxd4 0-1

[Event "Late-Titled-Tuesday-Blitz-May-07-2024"]
[Site "Chess.com"]
[Date "2024.05.07"]
[Round "2"]
[White "scandalgod"]
[Black "LUISMIGUELOV"]
[Result "1-0"]
[WhiteElo "2503"]
[BlackElo "2200"]
[TimeControl "180+1"]
[EndTime "14:15:28 PDT"]
[Termination "scandalgod won by resignation"]

1. d4 d5 2. c4 c6 3. Nc3 Nf6 4.
e3 g6 5. Nf3 Bg7 6. Be2 O-O 7.
O-O dxc4 8. Bxc4 b5 9. Be2 a6 10. Ne5 Qb6 11. a4 b4 12. a5 Qb7 13. Na4 Nbd7 14.
f4 Nxe5 15. fxe5 Nd5 16. Nc5 Qc7 17. e4 Rd8 18. exd5 Rxd5 19. Bf3 Bxe5 20. Bxd5 Bxh2+ 21. Kh1 cxd5 22. Qf3 Bf5 23. Bf4 Bxf4 24. Qxf4 Qc8 25. Rae1 h5 26. Rxe7 Qd8 27. Qe5 Rc8 28. Qf6 Rc7 1-0

[Event "Late-Titled-Tuesday-Blitz-May-07-2024"]
[Site "Chess.com"]
[Date "2024.05.07"]
[Round "2"]
[White "NMJeevanK"]
[Black "MeisterJabo"]
[Result "1-0"]
[WhiteElo "2764"]
[BlackElo "2429"]
[TimeControl "180+1"]
[EndTime "14:15:32 PDT"]
[Termination "NMJeevanK won on time"]

1. e4 e5 2. Nf3 Nf6 3. Nxe5 d6 4.
Nf3 Nxe4 5. d4 d5 6. Bd3 Bd6 7. O-O O-O 8. Nc3 Nxc3 9. bxc3 h6 10. Re1 Nd7 11. Rb1 Nf6 12. Ne5 Re8 13. Bf4 c6 14.
Qf3 Be6 15. h3 Rb8 16. Re2 c5 17. dxc5 Bxc5 18. Rbe1 Bd6 19. Bb5 Rf8 20. Bd3 Qc7 21. Ng6 Rfe8 22. Ne5 a6 23. Bxh6 gxh6 24. Qxf6 Bf8 25.
Re3 1-0

[Event "Late-Titled-Tuesday-Blitz-May-07-2024"]
[Site "Chess.com"]
[Date "2024.05.07"]
[Round "2"]
[White "AsaHoffmann"]
[Black "GianmarcoVaR"]
[Result "0-1"]
[WhiteElo "2420"]
[BlackElo "2762"]
[TimeControl "180+1"]
[EndTime "14:15:34 PDT"]
[Termination "GianmarcoVaR won by resignation"]

1. d4 Nf6 2. Bg5 d5 3. Nd2 c5 4.
c3 Qb6 5. dxc5 Qxb2 6. Qc1 Qxc1+ 7. Rxc1 Nbd7 8. Nb3 Ne4 9. Be3 e5 10. f3 Nexc5 11. Bf2 b6 12. e4 dxe4 13. Bb5 Nd3+ 14. Bxd3 exd3 15. Kd2 Ba6 16. Nh3 f6 17. Rhe1 O-O-O 18. f4 Ba3 19. Rb1 Rhe8 20. Bg3 e4 21. f5 Ne5 22.
Bxe5 Rxe5 23. Nd4 Bc5 24. Nf4 Rxd4 25. cxd4 Bxd4 26. Ne6 e3+ 27. Kd1 e2+ 28. Kd2 Be3+ 29. Kc3 d2 0-1

[Event "Late-Titled-Tuesday-Blitz-May-07-2024"]
[Site "Chess.com"]
[Date "2024.05.07"]
[Round "2"]
[White "Yaacovn"]
[Black "LuisFSiles"]
[Result "1-0"]
[WhiteElo "2843"]
[BlackElo "2477"]
[TimeControl "180+1"]
[EndTime "14:15:35 PDT"]
[Termination "Yaacovn won by resignation"]

1. d4 Nf6 2. e3 g6 3. Nf3 Bg7 4. Be2 O-O 5. O-O d6 6. b3 Nbd7 7.
Bb2 Ne4 8. c4 e5 9. Qc2 f5 10. Rd1 Qe8 11. dxe5 Nxe5 12. Nxe5 dxe5 13. Nc3 c6 14. Nxe4 fxe4 15. Qxe4 Bf5 16. Qh4 h6 17. Rd2 g5 18. Qg3 Qe7 19. Rad1 Rfd8 20. h3 Rxd2 21. Rxd2 Re8 22. Bg4 Bg6 23. Rd7 Qb4 24. h4 Qe1+ 25. Kh2 Qb1 26. Rxg7+ Kxg7 27. Bxe5+ Kf7 28. Bd4 Qxa2 29. h5 Bh7 30. Qf3+ Kg8 31. Qf6 1-0

[Event "Late-Titled-Tuesday-Blitz-May-07-2024"]
[Site "Chess.com"]
[Date "2024.05.07"]
[Round "2"]
[White "BogdanDeac"]
[Black "MKlose11"]
[Result "1-0"]
[WhiteElo "3122"]
[BlackElo "2686"]
[TimeControl "180+1"]
[EndTime "14:15:37 PDT"]
[Termination "BogdanDeac won by resignation"]

1. d4 Nf6 2. Nf3 g6 3. e3 c5 4. Be2 b6 5. d5 Bg7 6. Nc3 d6 7. e4 O-O 8. O-O Bg4 9. Re1 Nbd7 10. h3 Bxf3 11. Bxf3 Ne8 12. Be2 Nc7 13. Nb5 a6 14. Nxc7 Qxc7 15. c3 b5 16. Qc2 Rfb8 17. Bd2 a5 18. a4 b4 19. Bb5 Rb6 20. cxb4 axb4 21. Bxb4 Qb7 22. Bc3 Rb8 23. Rad1 Rxb5 24. axb5 Qxb5 25.
Ra1 Qb3 26. Qxb3 Rxb3 27. Ra7 Bxc3 28. bxc3 Nf6 29. Rxe7 Rxc3 30. Rc7 h5 31. Rc6 Ne8 32. e5 dxe5 33. Rc8 1-0

[Event "Late-Titled-Tuesday-Blitz-May-07-2024"]
[Site "Chess.com"]
[Date "2024.05.07"]
[Round "2"]
[White "TokChess"]
[Black "Annawel"]
[Result "0-1"]
[WhiteElo "2650"]
[BlackElo "3007"]
[TimeControl "180+1"]
[EndTime "14:15:38 PDT"]
[Termination "Annawel won by resignation"]

1. c4 Nf6 2. Nf3 g6 3. Nc3 Bg7 4. g3 O-O 5. Bg2 d6 6. O-O e5 7. d3 a5 8. Rb1 c6 9. a3 Na6 10. b4 axb4 11. axb4 Nc7 12. b5 Re8 13. Qc2 h6 14.
Nd2 d5 15. cxd5 cxd5 16. b6 Ne6 17. Nf3 e4 18. dxe4 dxe4 19. Nxe4 Nxe4 20. Qxe4 Nd4 21.
Qh4 g5 22. Qh5 Nxe2+ 23. Kh1 Bf5 24. Nxg5 Bg6 25. Qf3 hxg5 26. Rb5 Nd4 0-1

[Event "Late-Titled-Tuesday-Blitz-May-07-2024"]
[Site "Chess.com"]
[Date "2024.05.07"]
[Round "2"]
[White "ChristopherYoo"]
[Black "ahmedkandiliii"]
[Result "1-0"]
[WhiteElo "2995"]
[BlackElo "2643"]
[TimeControl "180+1"]
[EndTime "14:15:39 PDT"]
[Termination "ChristopherYoo won by resignation"]

1. e4 e5 2. Nf3 Nc6 3. Bb5 a6 4.
Ba4 Nf6 5. O-O b5 6. Bb3 Be7 7. d4 Nxe4 8. Nxe5 Nxe5 9. dxe5 Nc5 10. Bxf7+ Kxf7 11. Qf3+ Kg8 12. Qxa8 c6 13. Qa7 h6 14.
Be3 Ne6 15. f4 Kh7 16. f5 Ng5 17. Nc3 Rf8 18. Rad1 b4 19. Bxg5 Bxg5 20. Ne4 Be7 21. Qd4 Qa5 22. f6 Bd8 23. Qd6 Bb6+ 24. Kh1 Rf7 25. fxg7 Qxa2 26. Qg6+ Kg8 27. Rxf7 Qxf7 28. Nf6+ 1-0

[Event "Late-Titled-Tuesday-Blitz-May-07-2024"]
[Site "Chess.com"]
[Date "2024.05.07"]
[Round "2"]
[White "ChessicallyInclined"]
[Black "esrosenberg"]
[Result "1-0"]
[WhiteElo "2733"]
[BlackElo "2332"]
[TimeControl "180+1"]
[EndTime "14:15:39 PDT"]
[Termination "ChessicallyInclined won by resignation"]

1. Nf3 d5 2. g3 Nd7 3. Bg2 e5 4. d3 Ngf6 5. O-O Bd6 6. Nbd2 O-O 7. e4 c6 8. Re1 Re8 9. c3 a5 10. b3 Nf8 11. Bb2 Ng6 12. a3 h6 13. b4 axb4 14.
axb4 Rxa1 15. Qxa1 Bg4 16. h3 Be6 17. Qa4 Qc8 18. Kh2 b5 19. Qc2 dxe4 20. Nxe4 Nxe4 21.
Rxe4 Bd5 22. Re1 f5 23. c4 bxc4 24. dxc4 Be4 25. Rxe4 fxe4 26. Qxe4 Kf7 27. c5 Bb8 28.
Bf1 Ne7 29. Nxe5+ Bxe5 30. Qxe5 Rg8 31. Bc4+ Nd5 32. b5 Qe6 33. bxc6 Qxe5 34. Bxe5 Ke6 35. f4 g5 36. c7 gxf4 37. gxf4 Rc8 38. Kg3 h5 39. Kf3 h4 40. Ke4 1-0

[Event "Late-Titled-Tuesday-Blitz-May-07-2024"]
[Site "Chess.com"]
[Date "2024.05.07"]
[Round "2"]
[White "Arteler"]
[Black "SHIVACalypso"]
[Result "0-1"]
[WhiteElo "2289"]
[BlackElo "2535"]
[TimeControl "180+1"]
[EndTime "14:15:42 PDT"]
[Termination "SHIVACalypso won by resignation"]

1. d4 Nf6 2. Bg5 Ne4 3. Bh4 c5 4. Nf3 Qb6 5. Nc3 f5 6. Nxe4 fxe4 7. Nd2 d5 8. dxc5 Qxb2 9. Nb3 Qc3+ 10. Qd2 Qxd2+ 11.
Nxd2 e6 12. Nb3 Nd7 13. e3 Nxc5 14. Bb5+ Bd7 15. Bxd7+ Kxd7 16. Nxc5+ Bxc5 17. O-O Rac8 18. Rab1 b6 19. Rfd1 Be7 20. Rd2 Bxh4 0-1

[Event "Late-Titled-Tuesday-Blitz-May-07-2024"]
[Site "Chess.com"]
[Date "2024.05.07"]
[Round "2"]
[White "Evandro_Barbosa"]
[Black "MagnusCarlsen"]
[Result "0-1"]
[WhiteElo "2694"]
[BlackElo "3208"]
[TimeControl "180+1"]
[EndTime "14:15:46 PDT"]
[Termination "MagnusCarlsen won by resignation"]

1. e4 c5 2. Nf3 d6 3. d4 cxd4 4.
Nxd4 Nf6 5. Nc3 Bd7 6. Be2 Nc6 7. O-O g6 8. Nb3 Bg7 9. Re1 O-O 10. Bf1 a6 11. Nd5 Rc8 12. c3 Ne5 13. a4 Re8 14. a5 Nxd5 15. exd5 h5 16. h3 Bb5 17. Bxb5 axb5 18. Nd4 Rc5 19. Nb3 Rc4 20. Nd2 Rc8 21. Qb3 Qd7 22. Nf3 Nxf3+ 23. gxf3 Qxh3 24. Qxb5 Qxf3 25. Ra4 Rb8 26. Rae4 Be5 27. Qe2 Qf5 28. f4 Bf6 29.
Qd1 Rec8 30. c4 b5 31. axb6 Rxb6 32. Qe2 Rb3 33. Qg2 h4 0-1

[Event "Late-Titled-Tuesday-Blitz-May-07-2024"]
[Site "Chess.com"]
[Date "2024.05.07"]
[Round "2"]
[White "rynos0411"]
[Black "jinxy2009"]
[Result "1-0"]
[WhiteElo "2527"]
[BlackElo "2273"]
[TimeControl "180+1"]
[EndTime "14:15:47 PDT"]
[Termination "rynos0411 won by resignation"]

1. Nf3 Nf6 2. g3 g6 3. Bg2 Bg7 4. O-O O-O 5. d4 d5 6. a4 Bf5 7. Ne5 c6 8. c4 Nbd7 9. Nc3 Ne4 10. Nxd7 Qxd7 11. cxd5 Nxc3 12. bxc3 cxd5 13. Qb3 e6 14. Ba3 Rfc8 15. Rac1 Rc4 16. e4 Qxa4 17. Qxb7 Rac8 18. exf5 Qxa3 19. fxe6 fxe6 20. Bh3 Qd6 21.
Rfe1 R8c6 22. Rxe6 Rb6 23. Qxa7 Qxe6 24. Bxe6+ Rxe6 25. Qa8+ Bf8 26. Qxd5 Rc6 27. Re1 Kf7 28. Qd7+ Be7 29.
Rxe6 Rxe6 30. c4 Rd6 31. Qg4 h5 32. Qe4 Bf6 33. d5 Rd8 34. Qe6+ Kg7 35. c5 Bd4 36. Qe7+ Kh6 37. Qxd8 1-0

[Event "Late-Titled-Tuesday-Blitz-May-07-2024"]
[Site "Chess.com"]
[Date "2024.05.07"]
[Round "2"]
[White "Cambek64"]
[Black "ilya2700"]
[Result "1-0"]
[WhiteElo "2523"]
[BlackElo "2262"]
[TimeControl "180+1"]
[EndTime "14:15:49 PDT"]
[Termination "Cambek64 won on time"]

1. e4 c5 2. Nf3 e6 3. d3 d5 4. Nbd2 Nc6 5. g3 Nf6 6. Bg2 Be7 7. O-O O-O 8. Re1 b5 9. e5 Nd7 10. Nf1 a5 11. h4 b4 12. N1h2 a4 13. a3 Qa5 14. h5 h6 15. Ng4 Ba6 16. Bd2 c4 17. axb4 Bxb4 18. c3 Be7 19. d4 Bb5 20. Nxh6+ gxh6 21. Bxh6 Rfb8 22. Ng5 Bf8 23. Qf3 Nd8 24.
Bxf8 Nxf8 25. Qf6 1-0

[Event "Late-Titled-Tuesday-Blitz-May-07-2024"]
[Site "Chess.com"]
[Date "2024.05.07"]
[Round "2"]
[White "Licancabur"]
[Black "campochess"]
[Result "1-0"]
[WhiteElo "2485"]
[BlackElo "2139"]
[TimeControl "180+1"]
[EndTime "14:15:51 PDT"]
[Termination "Licancabur won by resignation"]

1. d4 c5 2. d5 Nf6 3. Nc3 g6 4.
e4 d6 5. Nf3 Bg7 6. Be2 O-O 7.
O-O b5 8. Bxb5 Ba6 9. a4 Bxb5 10.
axb5 Nbd7 11. Re1 Ng4 12. Nd2 h5 13. h3 Nh6 14. Nc4 f5 15. Bg5 Nf7 16. Qd2 Bf6 17. Bxf6 Nxf6 18. exf5 gxf5 19. Qd3 Nh6 20. Qe3 Kh7 21.
Qxe7+ Rf7 22. Qxd8 Rxd8 23. Re6 Ne4 24. Nxe4 fxe4 25. Nxd6 Rfd7 26. Ra6 Ng8 27. c4 h4 28. Nxe4 Rg7 29. Rac6 Rf8 30. Nf6+ Nxf6 31. Rxf6 Re8 32.
Rce6 1-0

[Event "Late-Titled-Tuesday-Blitz-May-07-2024"]
[Site "Chess.com"]
[Date "2024.05.07"]
[Round "2"]
[White "ChEsper99"]
[Black "KHBR4"]
[Result "0-1"]
[WhiteElo "2306"]
[BlackElo "2733"]
[TimeControl "180+1"]
[EndTime "14:15:52 PDT"]
[Termination "KHBR4 won by resignation"]

1. e4 c5 2. Nf3 d6 3. Bb5+ Nd7 4. a4 Nf6 5. Nc3 g6 6. O-O Bg7 7. a5 O-O 8. Re1 a6 9. Bf1 b5 10. axb6 Nxb6 11. d3 Bb7 12. Nd2 a5 13. g3 a4 14. Bg2 Qc7 15. f4 Nfd7 16.
Nf3 a3 17. Qd2 Bc6 18. Rxa3 Rxa3 19. bxa3 Ra8 20. Bb2 Rb8 21. Rb1 Qa7 22. Kh1 Na4 23.
Nxa4 Qxa4 24. c3 Qb3 25. e5 dxe5 26. Nxe5 Nxe5 27. fxe5 Bxg2+ 28. Kxg2 Bxe5 29. d4 cxd4 30. cxd4 Bf6 31. h4 h5 32. Kh2 Rb5 33. Qh6 Qc2+ 34. Kh3 0-1

[Event "Late-Titled-Tuesday-Blitz-May-07-2024"]
[Site "Chess.com"]
[Date "2024.05.07"]
[Round "2"]
[White "PawnEatingZombie"]
[Black "Revan_2002"]
[Result "0-1"]
[WhiteElo "2263"]
[BlackElo "2719"]
[TimeControl "180+1"]
[EndTime "14:15:53 PDT"]
[Termination "Revan_2002 won by checkmate"]

1. e4 e5 2. Nf3 Nc6 3. Nc3 Nf6 4. Bb5 Bb4 5. O-O O-O 6. Bxc6 dxc6 7. d3 Bd6 8. h3 Nd7 9. Kh1 c5 10. b3 Re8 11.
Qe2 Nf8 12. Nd5 Ne6 13. c3 c6 14. Ne3 Nf4 15. Qc2 Bf8 16. Rd1 f6 17. Bb2 Qc7 18. d4 exd4 19. cxd4 cxd4 20. Nxd4 Qf7 21. Ndf5 Be6 22. Kh2 Rad8 23. g3 Ng6 24. h4 Ne5 25.
Kg2 g6 26. Nd4 Bc8 27. Nf3 Nxf3 28. Kxf3 Bh6 29. Nc4 f5 30. exf5 Bxf5 31. Qc3 Be4+ 32. Ke2 Bd3# 0-1

[Event "Late-Titled-Tuesday-Blitz-May-07-2024"]
[Site "Chess.com"]
[Date "2024.05.07"]
[Round "2"]
[White "Bryanl106"]
[Black "Polish_fighter3000"]
[Result "0-1"]
[WhiteElo "2689"]
[BlackElo "3128"]
[TimeControl "180+1"]
[EndTime "14:15:56 PDT"]
[Termination "Polish_fighter3000 won by resignation"]

1. e4 e6 2. d4 c5 3. Nf3 cxd4 4.
Nxd4 Nf6 5. Nc3 Nc6 6. Ndb5 Bb4 7.
a3 Bxc3+ 8. Nxc3 O-O 9. Bd3 d5 10. exd5 exd5 11. O-O d4 12. Ne2 Re8 13. Bf4 Bg4 14.
f3 Bh5 15. Qd2 Bg6 16. Bg5 Qd6 17. Nf4 Bxd3 18. Nxd3 Nd5 19. Qf2 h6 20. Bd2 Ne3 21. Bxe3 dxe3 22. Qg3 Qxg3 23. hxg3 Nd4 24. c3 Nc2 25. Rac1 e2 26. Rxc2 exf1=Q+ 27. Kxf1 Rad8 28. Nf2 h5 29. Kg1 Re1+ 30. Kh2 a5 31. g4 hxg4 32. Nxg4 Rde8 33. Rd2 f5 34. Nf2 R1e2 35. Rxe2 Rxe2 36. Nd1 f4 37. c4 Rd2 38. Nc3 Rxb2 39. Nd5 Ra2 40.
Nxf4 Rxa3 41. Nd5 a4 42. Kg3 Rb3 43. Kf4 a3 44. Nc3 Rxc3 0-1

[Event "Late-Titled-Tuesday-Blitz-May-07-2024"]
[Site "Chess.com"]
[Date "2024.05.07"]
[Round "2"]
[White "ahkashefi2800"]
[Black "schondeln"]
[Result "1-0"]
[WhiteElo "2577"]
[BlackElo "2373"]
[TimeControl "180+1"]
[EndTime "14:15:58 PDT"]
[Termination "ahkashefi2800 won by resignation"]

1. e4 d5 2. exd5 Qxd5 3. Nc3 Qa5 4. d4 Nf6 5. Bc4 Bg4 6. f3 Bd7 7. Bd2 Qb6 8. Bb3 Qxd4 9. Nge2 Qb6 10. Na4 Bxa4 11.
Bxa4+ Nc6 12. Qc1 O-O-O 13. Be3 Qa5+ 14. Nc3 Nd4 15. O-O e6 16. Rd1 Bc5 17. Bb3 Qxc3 18. Rxd4 Qa5 19. Rxd8+ Rxd8 20. Kh1 Bxe3 21. Qxe3 Qd2 22.
Qxa7 Qd1+ 23. Qg1 Qxg1+ 24. Kxg1 Rd2 25. a4 Nd5 26. Bxd5 exd5 27. Rc1 Kd7 28. b4 Kd6 29. c3 c6 30. h4 h5 31. Kh2 g6 32. Kg3 f6 33. a5 d4 34. cxd4 Rxd4 35. Rb1 Kd5 36.
b5 Ra4 37. a6 cxb5 38. axb7 1-0